 Dungeon Crawl Stone Soup version 0.29.1-12-g30fa7ad0bf (webtiles) character file.

Game seed: 9279572004998604973

616 cowcol the Trooper (level 7, -1/60 HPs)
             Began as a Minotaur Monk on Jan 7, 2023.
             Was a Priest of Okawaru.
             Blown up by Pikel (16 damage)
             ... with a mindburst bolt
             ... on level 5 of the Dungeon.
             The game lasted 00:12:11 (4054 turns).

cowcol the Trooper (Minotaur Monk)                  Turns: 4054, Time: 00:12:12

Health: -1/60      AC: 21    Str: 18    XL:     7   Next: 21%
Magic:  6/6        EV:  8    Int:  7    God:    Okawaru [***...]
Gold:   189        SH:  0    Dex: 12    Spells: 6/6 levels left

rFire   . . .      SeeInvis .   s - +0 morningstar (protect)
rCold   . . .      Faith    .   (no shield)
rNeg    + . .      Spirit   .   o - +4 chain mail
rPois   .          Reflect  .   (helmet restricted)
rElec   .          Harm     .   z - +0 cloak
rCorr   .          Rampage  .   (no gloves)
Will    .....                   (no boots)
Stlth   ..........              (no amulet)
HPRegen 0.20/turn               v - ring of positive energy
MPRegen 0.10/turn               (no ring)

@: under a protective aura
A: horns 2, retaliatory headbutt
a: Renounce Religion, Heroism


You were on level 5 of the Dungeon.
You worshipped Okawaru.
Okawaru was most pleased with you.
You visited 2 branches of the dungeon, and saw 6 of its levels.

You collected 189 gold pieces.

Inventory:

Hand Weapons
 a - a +1 hand axe
 d - a +0 dagger
 g - a +0 mace
 i - a +0 spear
 l - a +0 club
 m - a +0 whip
 s - a +0 morningstar of protection (weapon)
 u - a +0 falchion
 A - a +0 spear of venom
Missiles
 j - 4 poisoned darts (quivered)
 y - 2 javelins
Armour
 b - a +0 robe
 o - a +4 chain mail (worn)
 w - a +0 plate armour
 z - a +0 cloak (worn)
Jewellery
 v - a ring of positive energy (left hand)
Scrolls
 n - a scroll of teleportation
 B - a scroll of poison
Potions
 c - a potion of ambrosia
 e - a potion of invisibility {unknown}
 f - 3 potions of attraction {unknown}
 h - a potion of flight {unknown}
 k - 3 potions of might {unknown}
 p - 2 potions of heal wounds {unknown}
 q - 5 potions of curing
 t - a potion of resistance {unknown}
 x - a potion of haste {unknown}


   Skills:
 + Level 4.6 Fighting
 * Level 2.3 Long Blades
 + Level 4.4(5.7) Axes
 + Level 3.4(4.5) Maces & Flails
 * Level 3.8(4.8) Polearms
 * Level 4.2 Armour
 + Level 4.4 Dodging
 + Level 2.0 Stealth


You had 6 spell levels left.
You didn't know any spells.
Your spell library contained the following spells:

 Spells                   Type           Power      Damage    Failure   Level
 Magic Dart               Conj           0%         1d3       99%         1
 Mephitic Cloud           Conj/Pois/Air  0%         N/A       100%        3
 Fulminant Prism          Conj/Hex       0%         3d6       100%        4
 Iskenderun's Mystic Bla  Conj/Tloc      0%         2d3       100%        4
 Lee's Rapid Deconstruct  Erth           0%         3d5*      100%        5
 Call Imp                 Summ           Unusable   N/A       N/A         2

Dungeon Overview and Level Annotations

Branches:
Dungeon (5/15)             Temple (1/1) D:4

Altars:
Cheibriados
Elyvilon
Fedhas
Makhleb
Okawaru
Qazlal
Sif Muna
Trog
Uskayaw
Wu Jian
Xom
Yredelemnul
Zin
The Shining One

Shops:
D:3 [

Annotations:
D:5 Grinder, Pikel


Innate Abilities, Weirdness & Mutations

You have a pair of horns on your head.
You reflexively headbutt those who attack you in melee.


Message History

Pikel is wielding a +1 whip of freezing and carrying a wand of mindburst (7).
Pikel shouts!
The lemure shouts!
You hear a shout!
A lemure comes into view.
The lemure moves out of view.
Found a stone staircase leading up.
A lemure comes into view.
Pikel hits you with a +1 whip of freezing.
Pikel freezes you.
You closely miss Pikel. You headbutt Pikel.
Pikel is lightly wounded.
The lemure hits you but does no damage.
Pikel hits you with a +1 whip of freezing.
Pikel freezes you.
You barely miss Pikel.
Pikel is lightly wounded.
The lemure hits you but does no damage. Pikel barely misses you.
You barely miss Pikel.
Pikel is lightly wounded.
The lemure hits you but does no damage.
Pikel hits you with a +1 whip of freezing!
Pikel freezes you.
You hit Pikel.
Your weapon exudes an aura of protection.
Your headbutt misses Pikel.
Pikel is lightly wounded.
The lemure hits you but does no damage. Pikel hits you but does no damage.
The lemure hits you but does no damage.
Pikel zaps a wand.
Your mind is blasted!
You thump Pikel! You punch Pikel.
Pikel is heavily wounded.
Grinder comes into view.
The lemure hits you but does no damage. Pikel hits you but does no damage.
You barely miss Pikel.
Pikel is moderately wounded.
The lemure hits you but does no damage.
Pikel zaps a wand.
Your mind is blasted!
* * * LOW HITPOINT WARNING * * *
You feel better. The lemure barely misses you.
Pikel zaps a wand.
Your mind is blasted!
You die...

...#####......###.....##
....................)...
...#####......##########
##.##### ##..# #..##
#.## #.# #@# #..K5#
##.55. .5..... ....####.
...... .. ...... ..
###.<. ..


You could see Pikel, Grinder and 3 lemures.

Vanquished Creatures
  Eustachio (D:4)
  An ice beast (D:4)
  A phantom (D:4)
  A scorpion (D:5)
  A hound (D:4)
  An iguana (D:5)
  An orc wizard (D:4)
  3 adders
  4 gnolls (D:4)
  2 worms
  5 dart slugs
  7 orcs
  8 endoplasms
  2 giant cockroaches (D:2)
  8 goblins
  10 hobgoblins
  6 jackals
  4 kobolds
  6 quokkas
  6 ball pythons
  3 bats
  A frilled lizard (D:3)
  3 rats
85 creatures vanquished.

Vanquished Creatures (others)
  3 plants (D:1)
3 creatures vanquished.

Grand Total: 88 creatures vanquished

Notes
Turn   | Place    | Note
-------+----------+-------------------------------------------
     0 | D:1      | cowcol the Minotaur Monk began the quest for the Orb.
     0 | D:1      | Reached XP level 1. HP: 19/19 MP: 0/0
   512 | D:1      | Reached XP level 2. HP: 27/27 MP: 1/1
   613 | D:1      | Found a faded altar of an unknown god.
  1114 | D:2      | Reached XP level 3. HP: 23/33 MP: 2/2
  1490 | D:2      | Reached skill level 1 in Armour
  1709 | D:2      | Reached XP level 4. HP: 40/40 MP: 3/3
  2033 | D:3      | Found Kydwario's Antique Armour Boutique.
  2241 | D:3      | Found a burning altar of Makhleb.
  2430 | D:3      | Found a white marble altar of Elyvilon.
  2648 | D:3      | Found a hide-covered altar of Uskayaw.
  2857 | D:4      | Found a staircase to the Ecumenical Temple.
  2872 | D:4      | Reached skill level 1 in Maces & Flails
  2880 | D:4      | Reached XP level 5. HP: 44/47 MP: 4/4
  2937 | Temple   | Entered the Ecumenical Temple
  3135 | Temple   | Became a worshipper of Warmaster Okawaru
  3135 | Temple   | Reached * piety under Okawaru
  3135 | Temple   | Reached ** piety under Okawaru
  3670 | D:5      | Entered Level 5 of the Dungeon
  3670 | D:5      | Noticed Eustachio
  3670 | D:5      | Noticed an ice beast
  3670 | D:5      | Noticed a phantom
  3691 | D:4      | Killed a phantom
  3692 | D:4      | Reached skill level 1 in Long Blades
  3692 | D:4      | Reached skill level 1 in Polearms
  3785 | D:4      | Killed Eustachio
  3786 | D:4      | Reached XP level 6. HP: 39/53 MP: 2/5
  3792 | D:4      | Killed an ice beast
  3944 | D:5      | Reached XP level 7. HP: 57/60 MP: 6/6
  4030 | D:5      | Reached *** piety under Okawaru
  4046 | D:5      | Noticed Pikel
  4052 | D:5      | Noticed Grinder
  4054 | D:5      | Blown up by Pikel

Illustrated notes

Levels and vault maps discovered:
D:1:      eino_arrival_druids_welcome, layout_basic, basic_ecumenical_altar
D:2:      minmay_recursive_quarters, layout_basic
D:3:      layout_rooms, mainiacjoe_overflow_cross_hatched,
          amcnicky_altar_gilded, mainiacjoe_overflow_24_doors, serial_shops,
          nicolae_shop_waterfront
D:4:      layout_loops_ring, minmay_temple_entry_tees
D:5:      layout_rooms, minmay_tree_intersection, uniq_crazy_yiuf_cottage,
          uniq_pikel, uniq_eustachio, uniq_grinder
Temple:   nicolae_temple_bog_church

Skill      XL: |  1  2  3  4  5  6  7 |
---------------+----------------------+-----
Axes           | 4 |  4.4
Dodging        | 4 |  4.4
Fighting       | 4 |  4.6
Armour         | 1 3 4 |  4.2
Stealth        | 2 |  2.0
Maces & Flails | 1 3 |  3.4
Long Blades    | 2 |  2.3
Polearms       | 1 2 3 |  3.8

Action                   |  1- 3 |  4- 6 |  7- 9 || total
-------------------------+-------+-------+-------++-------
Melee: Hand axe          |    80 |       |       ||    80
       Headbutt          |     9 |    14 |     5 ||    28
       Morningstar       |    13 |    39 |    10 ||    62
       Spear             |       |    75 |    11 ||    86
       Punch             |       |     4 |     1 ||     5
Throw: Dart              |     2 |       |     2 ||     4
Invok: Heroism           |       |     1 |       ||     1
  Use: Scroll            |     6 |     5 |       ||    11
       Potion            |       |       |     1 ||     1
 Stab: Sleeping          |     1 |       |       ||     1
Armor: Chain mail        |    47 |    58 |    26 ||   131
       Robe              |     5 |       |       ||     5
Dodge: Dodged            |    32 |    39 |     9 ||    80
